 Dungeon Crawl Stone Soup version 0.29.1-1-gd02db69 (webtiles) character file.

Game seed: 12441868104242641277

109 Kel the Chopper (level 4, -2/42 HPs)
             Began as a Gargoyle Berserker on Nov 26, 2022.
             Was a Believer of Trog.
             Slain by Ijyb
             ... wielding a +0 club
              (7 damage)
             ... on level 3 of the Dungeon.
             The game lasted 00:03:25 (3147 turns).

Kel the Chopper (Gargoyle Berserker)                Turns: 3147, Time: 00:03:26

Health: -2/42      AC:  0    Str: 22    XL:     4   Next: 89%
Magic:  4/4        EV: 14    Int:  8    God:    Trog [**....]
Gold:   211        SH:  0    Dex:  9    Spells: 3/3 levels left

rFire   . . .      SeeInvis .   (weapon currently unavailable)
rCold   . . .      Faith    .   (shield currently unavailable)
rNeg    + . .      Spirit   .   (body armour currently unavailable)
rPois   ∞          Reflect  .   (helmet currently unavailable)
rElec   .          Harm     .   (cloak currently unavailable)
rCorr   .          Rampage  .   (gloves currently unavailable)
Will    .....                   (boots currently unavailable)
Stlth   ..........              (no amulet)
HPRegen 0.14/turn               (ring currently unavailable)
MPRegen 0.09/turn               (ring currently unavailable)

@: berserking, pig-form (expiring), very quick
A: fast, no casting, sickness immunity, AC +3, small, negative energy resistance
1, (electricity resistance), torment resistance 1, petrification resistance
a: Renounce Religion, Berserk, Trog's Hand


You were on level 3 of the Dungeon.
You worshipped Trog.
Trog was pleased with you.
You were a filthy swine.
You visited 1 branch of the dungeon, and saw 3 of its levels.

You collected 211 gold pieces.

Inventory:

Hand Weapons
 a - a +0 hand axe (melded)
Armour
 d - a +0 helmet (melded)
 e - a +0 leather armour (melded)
 m - a +2 cloak (melded)
Jewellery
 j - a ring of flight (melded)
Scrolls
 b - a scroll of poison {unknown}
 c - 2 scrolls of immolation {unknown}
 f - 2 scrolls of teleportation {unknown}
 g - 2 scrolls of blinking {unknown}
 k - a scroll of enchant armour {unknown}
 o - a scroll of enchant weapon {unknown}
 p - a scroll of amnesia {unknown}
Potions
 h - 2 potions of curing {unknown}
 i - a potion of ambrosia {unknown}
 l - 2 potions of heal wounds {unknown}
 n - 3 potions of might {unknown}


   Skills:
 - Level 3.2 Fighting
 + Level 4.9 Axes
 - Level 2.1 Armour
 - Level 1.5 Dodging


You had 3 spell levels left.
You didn't know any spells.
Your spell library was empty.

Dungeon Overview and Level Annotations

Branches:
Dungeon (3/15)

Altars:
Xom

Shops:
D:2 ?

Annotations:
D:3 3 runed translucent doors, Ashtart's ghost, amateur DsFE; Ijyb


Innate Abilities, Weirdness & Mutations

You are a filthy swine.
You move quickly.
Your equipment is almost entirely melded.
You are incapable of wielding weapons or throwing items.
You cannot cast spells.
You are immune to sickness and miasma.
((Your stone body is resilient. (AC +3)))
You are immune to poison.
You resist negative energy. (rN+)
((You are resistant to electric shocks. (rElec)))
You are resistant to unholy torment.
You are immune to petrification.


Message History

Your +0 hand axe melds into your body.
Your +2 cloak melds into your body.
Your +0 helmet melds into your body.
Your +0 leather armour melds into your body.
Your ring of flight melds into your body.
You float gracefully downwards.
You hit Ijyb but do no damage. Ijyb barely misses you.
You hit Ijyb but do no damage. Ijyb barely misses you.
You hit Ijyb but do no damage. You barely miss Ijyb.
Ijyb hits you with a +0 club.
You barely miss Ijyb. Ijyb hits you with a +0 club.
You barely miss Ijyb. Ijyb hits you with a +0 club!
A red film seems to cover your vision as you go berserk!
You feel yourself moving faster!
You feel mighty! Ijyb hits you with a +0 club.
You closely miss Ijyb. Ijyb misses you.
You bite Ijyb!
Ijyb is moderately wounded.
You barely miss Ijyb.
Ijyb is moderately wounded.
Ijyb hits you with a +0 club.
* * * LOW HITPOINT WARNING * * *
You closely miss Ijyb.
Ijyb is moderately wounded.
Ijyb hits you with a +0 club.
* * * LOW HITPOINT WARNING * * *
You closely miss Ijyb.
Ijyb is moderately wounded.
Your transformation is almost over.
You hit Ijyb but do no damage.
Ijyb is moderately wounded.
Ijyb misses you.
You closely miss Ijyb.
Ijyb is moderately wounded.
You completely miss Ijyb.
Ijyb is moderately wounded.
Ijyb hits you with a +0 club.
* * * LOW HITPOINT WARNING * * *
You closely miss Ijyb.
Ijyb is moderately wounded.
Ijyb hits you with a +0 club!
You die...

###### ...# #..... ..#
#######.#### .$. ............ ..#
#######.#### #.# #.#... #b#
#.#.## #g# #.#.#. ##### #h#
#########.#.#. #...#
#.###............. .>..#
####+##................. ###.#
#.....#.............###+
###.######.....#.....######..#...
.......##......#.....# #..#...
######.##......#.....# #.)#...
#.##......#.....######..#w..
#......#................#...


You could see Ijyb and a bat.

Vanquished Creatures
  4 adders
  A shadow imp (D:3)
  A worm (D:2)
  2 dart slugs
  6 ball pythons
  6 bats
  5 endoplasms
  A giant cockroach (D:3)
  2 goblins
  5 hobgoblins
  3 jackals (D:1)
  11 kobolds
  2 quokkas
  2 frilled lizards
  6 rats
57 creatures vanquished.

Notes
Turn   | Place    | Note
-------+----------+-------------------------------------------
     0 | D:1      | Kel the Gargoyle Berserker began the quest for the Orb.
     0 | D:1      | Reached XP level 1. HP: 14/14 MP: 1/1
    28 | D:1      | Reached skill level 3 in Axes
   299 | D:1      | Reached XP level 2. HP: 19/19 MP: 2/2
   810 | D:1      | Reached XP level 3. HP: 6/23 MP: 3/3
  1364 | D:2      | Found Furer's Magic Scroll Boutique.
  1370 | D:2      | Reached ** piety under Trog
  1556 | D:2      | Reached skill level 4 in Axes
  1592 | D:2      | Found a faded altar of an unknown god.
  2101 | D:2      | Reached XP level 4. HP: 27/28 MP: 4/4
  2480 | D:3      | Found a shimmering altar of Xom.
  2480 | D:3      | Found a shimmering altar of Xom.
  2481 | D:3      | Found a shimmering altar of Xom.
  2481 | D:3      | Found a shimmering altar of Xom.
  2524 | D:3      | Noticed Ashtart's ghost (amateur DsFE)
  2819 | D:3      | Found a runed translucent gate.
  2819 | D:3      | Found a runed translucent gate.
  2820 | D:3      | Found a runed translucent gate.
  3128 | D:3      | Noticed Ijyb
  3147 | D:3      | Slain by Ijyb

Illustrated notes

Levels and vault maps discovered:
D:1:      eino_arrival_tree_alley, layout_basic, chequers_serial_rivers_micro_a
D:2:      layout_basic, dreamdust_ecumenical_altar_hidden_monk_grotto,
          serial_shops, nicolae_shop_stone
D:3:      layout_basic, xom_redecorated, lightli_temple_of_fire,
          gammafunk_ghost_split, uniq_ijyb

Skill      XL: |  1  2  3 |
---------------+----------+-----
Axes           | 3 4 |  4.9
Fighting       | |  3.2
Armour         | |  2.1
Dodging        | |  1.5

Action                   |  1- 3 |  4- 6 || total
-------------------------+-------+-------++-------
Melee: Hand axe          |   114 |    62 ||   176
       Unarmed           |       |    15 ||    15
Invok: Berserk           |       |     1 ||     1
Armor: Animal skin       |    10 |       ||    10
       Leather armour    |    43 |    24 ||    67
       Skin              |     1 |       ||     1
Dodge: Dodged            |    75 |    46 ||   121
